TOP OF THE 1ST |
Rio Grande Rattlesnake batting - Pitching for Intercourse Amish : LHP Michael Miller
|
Pitching: LHP Michael Miller
|
|
Batting: RHB Jeff Bane
|
0-0: Ball 1-0: Fly out, F7 (Line Drive, 78M)
|
Batting: RHB Paul Martin
|
0-0: Ball 1-0: Foul Ball, location: 2F 1-1: Foul Ball, location: 2F 1-2: Fly out, F8 (Flyball, 8LD)
|
Batting: LHB Alberto Roberts
|
0-0: Called Strike 0-1: Ball 1-1: Called Strike 1-2: Ball 2-2: Foul Ball, location: 2F 2-2: Ground out 4-3 (Groundball, 4)
|
Top of the 1st over - 0 run(s), 0 hit(s), 0 error(s), 0 left on base; Rio Grande 0 - Intercourse 0 |
BOTTOM OF THE 1ST |
Intercourse Amish batting - Pitching for Rio Grande Rattlesnake : RHP Manny Silva
|
Pitching: RHP Manny Silva
|
|
Batting: RHB Ramón Padilla
|
0-0: Called Strike 0-1: TRIPLE (Line Drive, 3L)
|
Batting: RHB Holden Davis
|
0-0: Ball 1-0: Ball 2-0: Ball 3-0: Base on Balls
|
Batting: LHB Jesús Raugel
|
0-0: Called Strike 0-1: Foul Ball, location: 2F 0-2: Foul Ball, location: 2F 0-2: Grounds into double play, 6-4-3 (Groundball, 6) Ramón Padilla scores
|
Batting: RHB Juan Estrada
|
0-0: Ball 1-0: Ball 2-0: TRIPLE (Flyball, 78XD)
|
Batting: LHB Carlos De La Rosa
|
0-0: Swinging Strike 0-1: Ball 1-1: Ball 2-1: Swinging Strike 2-2: Ball 3-2: Foul Ball, location: 2F 3-2: Fly out, F6 (Line Drive, 6)
|
Bottom of the 1st over - 1 run(s), 2 hit(s), 0 error(s), 1 left on base; Rio Grande 0 - Intercourse 1 |
TOP OF THE 2ND |
Rio Grande Rattlesnake batting - Pitching for Intercourse Amish : LHP Michael Miller
|
Batting: RHB Juan López
|
0-0: Called Strike 0-1: Ground out 1-3 (Groundball, P)
|
Batting: RHB Hollis Wood
|
0-0: Ball 1-0: Ball 2-0: Ball 3-0: Base on Balls
|
Batting: RHB Miguel Hernández
|
0-0: Ball 1-0: Called Strike 1-1: Ball 2-1: Swinging Strike 2-2: Strikes out swinging
|
Batting: LHB Claudio Rodríguez
|
0-0: Ball 1-0: Ball 2-0: Fly out, F9 (Flyball, 9S)
|
Top of the 2nd over - 0 run(s), 0 hit(s), 0 error(s), 1 left on base; Rio Grande 0 - Intercourse 1 |
BOTTOM OF THE 2ND |
Intercourse Amish batting - Pitching for Rio Grande Rattlesnake : RHP Manny Silva
|
Batting: RHB Micheal Banks
|
0-0: Fly out, F9 (Flyball, 89D)
|
Batting: LHB Pat Carroll
|
0-0: Ball 1-0: Ball 2-0: Called Strike 2-1: Foul Ball, location: 2F 2-2: Foul Ball, location: 2F 2-2: Foul Ball, location: 2F 2-2: Foul Ball, location: 2F 2-2: Ball 3-2: Strikes out swinging
|
Batting: RHB Pablo Díaz
|
0-0: Ball 1-0: Ground out 4-3 (Groundball, 4M)
|
Bottom of the 2nd over - 0 run(s), 0 hit(s), 0 error(s), 0 left on base; Rio Grande 0 - Intercourse 1 |
TOP OF THE 3RD |
Rio Grande Rattlesnake batting - Pitching for Intercourse Amish : LHP Michael Miller
|
Batting: RHB Joe Courtier
|
0-0: Ball 1-0: Called Strike 1-1: Swinging Strike 1-2: Ball 2-2: Strikes out looking
|
Batting: SHB Jeremy Holmes
|
0-0: Ground out 6-3 (Groundball, 6M)
|
Batting: RHB Jeff Bane
|
0-0: Ball 1-0: Fly out, F9 (Flyball, 9LM)
|
Top of the 3rd over - 0 run(s), 0 hit(s), 0 error(s), 0 left on base; Rio Grande 0 - Intercourse 1 |
BOTTOM OF THE 3RD |
Intercourse Amish batting - Pitching for Rio Grande Rattlesnake : RHP Manny Silva
|
Batting: LHB Pedro Cerda
|
0-0: Called Strike 0-1: Swinging Strike 0-2: Fly out, F7 (Flyball, 78S)
|
Batting: RHB Ramón Padilla
|
0-0: Ball 1-0: Ground out 6-3 (Groundball, 6)
|
Batting: RHB Holden Davis
|
0-0: Called Strike 0-1: Swinging Strike 0-2: Ball 1-2: Strikes out looking
|
Bottom of the 3rd over - 0 run(s), 0 hit(s), 0 error(s), 0 left on base; Rio Grande 0 - Intercourse 1 |
TOP OF THE 4TH |
Rio Grande Rattlesnake batting - Pitching for Intercourse Amish : LHP Michael Miller
|
Batting: RHB Paul Martin
|
0-0: Ball 1-0: Called Strike 1-1: Foul Ball, location: 2F 1-2: Ball 2-2: Ball 3-2: SINGLE (Groundball, 6MD)
|
Batting: LHB Alberto Roberts
|
0-0: Ball 1-0: Called Strike 1-1: Ball 2-1: Ball 3-1: Grounds into double play, 6-4-3 (Groundball, 6)
|
Batting: RHB Juan López
|
0-0: Ball 1-0: Ground out 4-3 (Groundball, 4M)
|
Top of the 4th over - 0 run(s), 1 hit(s), 0 error(s), 0 left on base; Rio Grande 0 - Intercourse 1 |
BOTTOM OF THE 4TH |
Intercourse Amish batting - Pitching for Rio Grande Rattlesnake : RHP Manny Silva
|
Batting: LHB Jesús Raugel
|
0-0: Ball 1-0: Ball 2-0: Called Strike 2-1: Ball 3-1: Foul Ball, location: 2F 3-2: Base on Balls
|
Batting: RHB Juan Estrada
|
0-0: Swinging Strike 0-1: Ball 1-1: Ball 2-1: Fly out, F8 (Flyball, 8LM)
|
Batting: LHB Carlos De La Rosa
|
0-0: Ball 1-0: Fly out, F8 (Flyball, 8LD)
|
Batting: RHB Micheal Banks
|
0-0: Ball 1-0: Called Strike 1-1: Swinging Strike 1-2: Ball 2-2: Strikes out swinging
|
Bottom of the 4th over - 0 run(s), 0 hit(s), 0 error(s), 1 left on base; Rio Grande 0 - Intercourse 1 |
TOP OF THE 5TH |
Rio Grande Rattlesnake batting - Pitching for Intercourse Amish : LHP Michael Miller
|
Batting: RHB Hollis Wood
|
0-0: Ball 1-0: Ball 2-0: DOUBLE (Line Drive, 89D)
|
Batting: RHB Miguel Hernández
|
0-0: Ball 1-0: Foul Ball, location: 2F 1-1: Ground out 4-3 (Groundball, 34) Hollis Wood to third
|
Batting: LHB Claudio Rodríguez
|
0-0: Fly out, F8 (Flyball, 8LM) Runner from 3rd tags up, OUT at HOME
|
Top of the 5th over - 0 run(s), 1 hit(s), 0 error(s), 0 left on base; Rio Grande 0 - Intercourse 1 |
BOTTOM OF THE 5TH |
Intercourse Amish batting - Pitching for Rio Grande Rattlesnake : RHP Manny Silva
|
Batting: LHB Pat Carroll
|
0-0: Ball 1-0: Foul Ball, location: 2F 1-1: Ball 2-1: Fly out, F2 (Popup, 13)
|
Batting: RHB Pablo Díaz
|
0-0: Ball 1-0: Reached on error, E5 (Groundball, 56S)
|
Batting: LHB Pedro Cerda
|
0-0: Ball 1-0: Ball 2-0: Ball 3-0: Base on Balls Pablo Díaz to second
|
Batting: RHB Ramón Padilla
|
0-0: Called Strike 0-1: Ball 1-1: Ground out 6-3 (Groundball, 6MS) Pablo Díaz to third Pedro Cerda to second
|
Batting: RHB Holden Davis
|
0-0: Ball 1-0: Ball 2-0: Foul Ball, location: 2F 2-1: Swinging Strike 2-2: Foul Ball, location: 2F 2-2: Ball 3-2: Base on Balls
|
Batting: LHB Jesús Raugel
|
0-0: Called Strike 0-1: Ball 1-1: Fly out, F4 (Line Drive, 4)
|
Bottom of the 5th over - 0 run(s), 0 hit(s), 1 error(s), 3 left on base; Rio Grande 0 - Intercourse 1 |
TOP OF THE 6TH |
Rio Grande Rattlesnake batting - Pitching for Intercourse Amish : LHP Michael Miller
|
Batting: RHB Joe Courtier
|
0-0: Ball 1-0: Foul Ball, location: 2F 1-1: Called Strike 1-2: Ball 2-2: Foul Ball, location: 2F 2-2: Fly out, F8 (Flyball, 8RD)
|
Batting: SHB Jeremy Holmes
|
0-0: Fly out, F5 (Line Drive, 56)
|
Batting: RHB Jeff Bane
|
0-0: Ball 1-0: Fly out, F9 (Flyball, 9D)
|
Top of the 6th over - 0 run(s), 0 hit(s), 0 error(s), 0 left on base; Rio Grande 0 - Intercourse 1 |
BOTTOM OF THE 6TH |
Intercourse Amish batting - Pitching for Rio Grande Rattlesnake : RHP Manny Silva
|
Batting: RHB Juan Estrada
|
0-0: Ball 1-0: Ball 2-0: Ground out 4-3 (Groundball, 4)
|
Batting: LHB Carlos De La Rosa
|
0-0: Foul Ball, location: 2F 0-1: Ball 1-1: Swinging Strike 1-2: Ball 2-2: Fly out, F6 (Line Drive, 6)
|
Batting: RHB Micheal Banks
|
0-0: Ball 1-0: Foul Ball, location: 2F 1-1: Ball 2-1: Fly out, F7 (Flyball, 7)
|
Bottom of the 6th over - 0 run(s), 0 hit(s), 0 error(s), 0 left on base; Rio Grande 0 - Intercourse 1 |
TOP OF THE 7TH |
Rio Grande Rattlesnake batting - Pitching for Intercourse Amish : LHP Michael Miller
|
Batting: RHB Paul Martin
|
0-0: Ball 1-0: Ball 2-0: Ball 3-0: Base on Balls
|
Pinch Hitting: RHB David Suarze
|
0-0: Swinging Strike 0-1: Ball 1-1: Foul Ball, location: 2F 1-2: Foul Ball, location: 2F 1-2: Foul Ball, location: 2F 1-2: Ball Wild Pitch! Paul Martin to second 2-2: Strikes out looking
|
Batting: RHB Juan López
|
0-0: Ball 1-0: Ball 2-0: Ground out 6-3 (Groundball, 6)
|
Batting: RHB Hollis Wood
|
0-0: Foul Ball, location: 2F 0-1: Ball 1-1: Ball 2-1: Swinging Strike 2-2: Strikes out swinging
|
Top of the 7th over - 0 run(s), 0 hit(s), 0 error(s), 1 left on base; Rio Grande 0 - Intercourse 1 |
BOTTOM OF THE 7TH |
Intercourse Amish batting - Pitching for Rio Grande Rattlesnake : RHP Manny Silva
|
Now in CF: Doug Delaney
|
|
Batting: LHB Pat Carroll
|
0-0: SINGLE (Groundball, 34D)
|
Pinch Hitting: RHB Gustavo Rodríguez
|
0-0: Ball 1-0: Foul Ball, location: 2F 1-1: Grounds into double play, 5-4-3 (Groundball, 56)
|
Batting: LHB Pedro Cerda
|
0-0: Ball 1-0: Ball 2-0: Ball 3-0: Base on Balls
|
Pitching: RHP Adrián Mora
|
|
Pinch Hitting: LHB Bruce Foster
|
0-0: Ball Pedro Cerda steals 2nd base 1-0: Ball 2-0: Ball 3-0: Base on Balls
|
Batting: RHB Holden Davis
|
0-0: Foul Ball, location: 2F 0-1: Called Strike 0-2: Foul Ball, location: 2F 0-2: Ball 1-2: Foul Ball, location: 2F 1-2: Ball 2-2: Ground out 6-3 (Groundball, 6M)
|
Bottom of the 7th over - 0 run(s), 1 hit(s), 0 error(s), 2 left on base; Rio Grande 0 - Intercourse 1 |
TOP OF THE 8TH |
Rio Grande Rattlesnake batting - Pitching for Intercourse Amish : LHP Michael Miller
|
Now at C: Roberto Solís
|
|
Now at SS: Jorge García
|
|
Now in RF: Bruce Foster
|
|
Batting: RHB Miguel Hernández
|
0-0: Ball 1-0: Ball 2-0: Fly out, F8 (Flyball, 89XD)
|
Batting: LHB Claudio Rodríguez
|
0-0: Fly out, F8 (Flyball, 8RM)
|
Batting: RHB Joe Courtier
|
0-0: DOUBLE (Flyball, 78XD)
|
Pinch Hitting: RHB Iván De Jesús
|
0-0: Ball 1-0: Foul Ball, location: 2F Balk! Joe Courtier to third 1-1: Called Strike 1-2: DOUBLE (Line Drive, 9LS) Joe Courtier scores
|
Batting: RHB Jeff Bane
|
0-0: Ball 1-0: SINGLE (Groundball, 6MD) Iván De Jesús to third Runner from 3rd tries for Home, SAFE, no throw
|
Batting: RHB Paul Martin
|
0-0: Ball 1-0: Ball 2-0: Ball 3-0: Called Strike 3-1: Base on Balls Jeff Bane to second
|
Pitching: RHP David Nanod
|
|
Batting: RHB Doug Delaney
|
0-0: Called Strike 0-1: Foul Ball, location: 2F 0-2: Ball 1-2: Strikes out swinging
|
Top of the 8th over - 2 run(s), 3 hit(s), 0 error(s), 2 left on base; Rio Grande 2 - Intercourse 1 |
BOTTOM OF THE 8TH |
Intercourse Amish batting - Pitching for Rio Grande Rattlesnake : RHP Adrián Mora
|
Now at SS: Iván De Jesús
|
|
Batting: LHB Jesús Raugel
|
0-0: Called Strike 0-1: Ball 1-1: Swinging Strike 1-2: Ball 2-2: Ball 3-2: Foul Ball, location: 2F 3-2: Foul Ball, location: 2F 3-2: Foul Ball, location: 2F 3-2: Fly out, F8 (Line Drive, 8LM)
|
Batting: RHB Juan Estrada
|
0-0: Ball 1-0: Called Strike 1-1: Ball 2-1: DOUBLE (Line Drive, 9LM)
|
Batting: LHB Carlos De La Rosa
|
0-0: Foul Ball, location: 2F 0-1: Foul Ball, location: 2F 0-2: Fly out, F7 (Line Drive, 7)
|
Batting: RHB Micheal Banks
|
0-0: Called Strike 0-1: Called Strike 0-2: Strikes out looking
|
Bottom of the 8th over - 0 run(s), 1 hit(s), 0 error(s), 1 left on base; Rio Grande 2 - Intercourse 1 |
TOP OF THE 9TH |
Rio Grande Rattlesnake batting - Pitching for Intercourse Amish : RHP David Nanod
|
Batting: RHB Juan López
|
0-0: Swinging Strike 0-1: Called Strike 0-2: Fly out, F8 (Flyball, 89M)
|
Batting: RHB Hollis Wood
|
0-0: Foul Ball, location: 2F 0-1: Ball 1-1: Foul Ball, location: 2F 1-2: Ball 2-2: Fly out, F9 (Flyball, 9LM)
|
Batting: RHB Miguel Hernández
|
0-0: Ball 1-0: SINGLE (Line Drive, 6M)
|
Pitching: LHP Justin Short
|
|
Batting: LHB Claudio Rodríguez
|
0-0: Swinging Strike 0-1: Ball 1-1: Ball 2-1: Foul Ball, location: 2F 2-2: Ball 3-2: Foul Ball, location: 2F 3-2: Foul Ball, location: 2F 3-2: Fly out, F8 (Flyball, 8LS)
|
Top of the 9th over - 0 run(s), 1 hit(s), 0 error(s), 1 left on base; Rio Grande 2 - Intercourse 1 |
BOTTOM OF THE 9TH |
Intercourse Amish batting - Pitching for Rio Grande Rattlesnake : RHP Adrián Mora
|
Pitching: RHP Juan Gutiérrez
|
|
Now at C: Cristián Román
|
|
Pinch Hitting: RHB Frank Maxwell
|
0-0: Ball 1-0: Called Strike 1-1: Called Strike 1-2: Ball 2-2: Ball 3-2: Fly out, F7 (Flyball, 78M)
|
Pinch Hitting: RHB Esteban Salas
|
0-0: Ball 1-0: Called Strike 1-1: Called Strike 1-2: Fly out, F9 (Flyball, 9LS)
|
Batting: LHB Pedro Cerda
|
0-0: Ball 1-0: Called Strike 1-1: Ball 2-1: Swinging Strike 2-2: Ball 3-2: Strikes out swinging
|
Bottom of the 9th over - 0 run(s), 0 hit(s), 0 error(s), 0 left on base; Rio Grande 2 - Intercourse 1 |
|